 Dungeon Crawl Stone Soup version 0.29.1-2-gbd0b4ee654 (webtiles) character file.

Game seed: 15013137329099976940

56 bdub the Shield-Bearer (level 3, 0/36 HPs)
             Began as a Troll Fighter on Nov 11, 2022.
             Slain by an orc
             ... wielding a +0 hand axe
              (4 damage)
             ... on level 3 of the Dungeon.
             The game lasted 00:04:43 (526 turns).

bdub the Shield-Bearer (Troll Fighter)               Turns: 526, Time: 00:04:43

Health: 0/36       AC:  4    Str: 24    XL:     3   Next: 69%
Magic:  2/2        EV:  8    Int:  6    God:
Gold:   46         SH:  7    Dex:  9    Spells: 2/2 levels left

rFire   . . .      SeeInvis .   a - +0 trident
rCold   . . .      Faith    .   c - +0 kite shield
rNeg    . . .      Spirit   .   b - +0 robe
rPois   .          Reflect  .   (helmet restricted)
rElec   .          Harm     .   (no cloak)
rCorr   .          Rampage  .   (gloves unavailable)
Will    .....                   (boots unavailable)
Stlth   +.........              (no amulet)
HPRegen 0.92/turn               (no ring)
MPRegen 0.08/turn               (no ring)

@: no status effects
A: large, unfitting armour, claws 3, regeneration 1, shaggy fur 1, tough skin 1
a: no special abilities


You were on level 3 of the Dungeon.
You visited 1 branch of the dungeon, and saw 3 of its levels.

You collected 46 gold pieces.

Inventory:

Hand Weapons
 a - a +0 trident (weapon)
Armour
 b - a +0 robe (worn)
 c - a +0 kite shield (worn)
Scrolls
 e - a scroll of identify {unknown}
 g - a scroll of vulnerability {unknown}
 j - a scroll of teleportation {unknown}
Potions
 d - a potion of might
 f - a potion of curing {unknown}
 h - a potion of magic {unknown}
 i - a potion of brilliance {unknown}


   Skills:
 + Level 2.6 Fighting
 + Level 2.1 Polearms
 + Level 2.9 Dodging
 + Level 3.2 Shields


You had 2 spell levels left.
You didn't know any spells.
Your spell library was empty.

Dungeon Overview and Level Annotations

Branches:
Dungeon (3/15)

Altars:


Innate Abilities, Weirdness & Mutations

You are too large for most types of armour.
You have claws for hands.
Your natural rate of healing is unusually fast.
You are covered in fur. (AC +1)
You have tough skin. (AC +1)


Message History

The gnoll is lightly wounded.
The bat barely misses you. The gnoll hits you with a +0 spear.
The gnoll hits you with a +0 whip. The orc hits you with a +0 hand axe.
You block the gnoll's attack. The orc hits you but does no damage.
The gnoll hits you but does no damage.
You puncture the gnoll!
The gnoll is severely wounded.
The bat hits you but does no damage. The gnoll hits you with a +0 whip.
* * * LOW HITPOINT WARNING * * *
You block the gnoll's attack. The orc closely misses you.
You closely miss the gnoll.
The gnoll is severely wounded.
You block the bat's attack. The gnoll closely misses you. x2
The orc closely misses you.
You hit the gnoll.
The gnoll is almost dead.
The bat hits you but does no damage. The gnoll closely misses you.
The gnoll barely misses you. The orc hits you with a +0 hand axe.
* * * LOW HITPOINT WARNING * * *
The gnoll closely misses you. The orc closely misses you.
The gnoll completely misses you.
You closely miss the gnoll.
The gnoll is almost dead.
You block the bat's attack. The bat barely misses you.
The bat hits you but does no damage. You block the gnoll's attack.
The gnoll hits you with a +0 spear.
* * * LOW HITPOINT WARNING * * *
The orc hits you with a +0 hand axe.
* * * LOW HITPOINT WARNING * * *
You barely miss the gnoll.
The gnoll is almost dead.
The bat completely misses you. You block the bat's attack.
You block the gnoll's attack. The gnoll barely misses you.
The orc closely misses you. The bat hits you but does no damage.
You puncture the gnoll!
You kill the gnoll!
The bat hits you but does no damage. The bat hits you.
* * * LOW HITPOINT WARNING * * *
The gnoll barely misses you. The orc hits you with a +0 hand axe.
You die...

#.. .. ####.# #.
....########.
####...........[
.....##.....##. #####
#.#..##.....##.
#...###.#..##........
#.@)...............
#bog...............
#^..........>.#######
#.............#......
..........#....#......
.##.............#..####
. #...#####.#....#..#
##.. ..#....#..# #..#


You could see a gnoll, an orc and a bat.

Vanquished Creatures
  An adder (D:2)
  3 gnolls (D:3)
  A worm (D:2)
  3 ball pythons
  2 bats
  A giant cockroach (D:2)
  A goblin (D:2)
  3 hobgoblins (D:2)
  4 jackals (D:2)
  A quokka (D:3)
  2 frilled lizards
  A kobold (D:2)
  A rat (D:2)
24 creatures vanquished.

Notes
Turn   | Place    | Note
-------+----------+-------------------------------------------
     0 | D:1      | bdub the Troll Fighter began the quest for the Orb.
     0 | D:1      | Reached XP level 1. HP: 22/22 MP: 0/0
   189 | D:2      | Reached XP level 2. HP: 29/29 MP: 1/1
   239 | D:2      | Reached skill level 3 in Shields
   247 | D:2      | Reached XP level 3. HP: 35/36 MP: 2/2
   526 | D:3      | Slain by an orc

Illustrated notes

Levels and vault maps discovered:
D:1:      spicycebolla_arrival_transporter_tutorial, layout_loops_cross,
          ebering_ecumenical_altar_mist
D:2:      layout_basic
D:3:      minmay_razor_zed, layout_basic, minmay_misc_feat_doors,
          nicolae_figureground_pulse, uniq_sigmund

Skill      XL: |  1  2  3 |
---------------+----------+-----
Shields        | 3 |  3.2
Polearms       | 2 |  2.1
Fighting       | |  2.6
Dodging        | |  2.9

Action                   || total
-------------------------++-------
Melee: Trident           ||    74
Armor: Robe              ||    84
Dodge: Dodged            ||    82
Block: Kite shield       ||   105
